Description

Inno vs serral

Replay - INnoVation v Serral: Game 1 - Simulacrum LE

Build Order

Get SALT Encoding   

  12  0:00  SCV  
  13  0:13  SCV  
  14  0:17  Supply Depot  
  14  0:25  SCV  
  15  0:38  SCV  
  15  0:40  Barracks  
  16  0:44  Refinery  
  16  0:50  SCV  
  17  1:03  SCV  
  18  1:15  SCV  
  19  1:27  Orbital Command  
  19  1:28  Reaper  
  20  1:39  Command Center  
  20  1:50  Supply Depot  
  20  1:53  SCV  
  21  2:00  Marine  
  22  2:05  SCV  
  23  2:13  Factory  
  23  2:17  Marine, SCV  
  26  2:37  Barracks Reactor  
  27  2:45  Command Center  
  27  2:53  Orbital Command  
  28  3:02  Starport  
  28  3:11  Refinery  
  29  3:16  Hellion x2  
  37  3:38  Starport Tech Lab  
  37  3:39  Hellion x2  
  43  3:56  Banshee  
  43  3:57  Orbital Command  
  43  3:59  Barracks Tech Lab  
  52  4:02  Hellion x2  
  52  4:09  Cloaking Field  
  52  4:14  Supply Depot  
  61  4:24  Hellion x2  
  61  4:30  Stimpack  
  61  4:31  Supply Depot  
  61  4:35  Marine  
  65  4:41  Banshee  
  68  4:53  Supply Depot  
  68  4:55  Marine  
  67  5:02  Barracks x2  
  67  5:04  Refinery  
  67  5:06  Factory Reactor  
  70  5:08  Engineering Bay x2  
  70  5:12  Refinery  
  70  5:13  Orbital Command  
  72  5:16  Marine  
  75  5:36  Terran Infantry Weapons Level 1, Terran Infantry Armor Level 1  
  75  5:38  Marine  
  75  5:40  Starport Reactor  
  79  5:48  Barracks x2  
  79  5:49  Marine x2  
  84  5:57  Siege Tank  
  90  6:04  Marine x2  
  90  6:10  Combat Shield  
  93  6:20  Medivac x2  
  101  6:26  Armory  
  108  6:37  Barracks Reactor x2  
  109  6:43  Siege Tank  
  109  6:46  Refinery x2  
  120  7:04  Medivac x2  
  120  7:06  Command Center  
  130  7:21  Siege Tank  
  136  7:41  Terran Infantry Weapons Level 2, Terran Infantry Armor Level 2  
  145  7:53  Siege Tank  
  145  7:56  Factory  
  145  7:57  Sensor Tower  
  145  8:06  Medivac x2  
  145  8:12  Drilling Claws  
  155  8:25  Siege Tank  
  151  8:36  Medivac x2  
  159  8:42  Factory Reactor  
  163  8:49  Planetary Fortress  
  165  8:56  Factory Tech Lab  
  165  8:57  Barracks x3  
  163  9:07  Siege Tank  
  168  9:27  Terran Vehicle Weapons Level 1  
  168  9:28  Concussive Shells  
  168  9:29  Marauder  
  178  9:32  Medivac x2  
  178  9:33  Sensor Tower  
  182  9:39  Siege Tank  
  187  9:48  Barracks Tech Lab x3  
  187  9:50  Marauder  
  192  9:53  Siege Tank  
  176  10:11  Command Center, Siege Tank  
  165  10:35  Siege Tank  
  168  11:08  Marauder x4  
  181  11:23  Planetary Fortress  
  178  11:29  Marauder x2  
  182  11:37  Marauder x2  
Spawning Tool Build Advisor. Get it on Overwolf

Go to:

Details

  • Created by: OGsewerat
  • Published on: Jun 06, 2020
  • Modified on: Jun 06, 2020
  • Patch: 4.11.0
  • Difficulty: Hard
Show
View Real Time Build Order
Export as new Build Order

Comments (0)

There are no comments. Be the first!

Create an account to comment!